 Dungeon Crawl Stone Soup version 0.27-a0-1084-g78b3836a5f (webtiles) character file.

Game seed: 10551189106241669636

145352 siradein the Tortoise (level 16, -4/155 HPs)
             Began as a Minotaur Berserker on Apr 23, 2021.
             Was a High Priest of Trog.
             Killed by divine providence
             ... invoked by a meliai
              (10 damage)
             ... on level 4 of the Spider Nest on Apr 26, 2021.
             The game lasted 02:25:45 (31326 turns).

siradein the Tortoise (Minotaur Berserker)         Turns: 31326, Time: 02:25:46

Health: -4/155     AC: 30    Str: 28    XL:     16   Next: 87%
Magic:  3/15       EV: 22    Int:  4    God:    Trog [*****.]
Gold:   1124       SH: 10    Dex: 20    Spells: 15/15 levels left

rFire    . . .     SeeInvis +   M - +9 demon blade (spect)
rCold    . . .     Faith    .   T - +3 warlock's mirror {reflect}
rNeg     . . .     Spirit   .   N - +3 plate armour {rPois}
rPois    +         Reflect  +   F - +2 hat {SInv}
rElec    .         Harm     .   (no cloak)
rCorr    .         Rampage  .   d - +2 pair of gloves {Dex+3}
Will     +++..                  S - +1 pair of boots
Stlth    ..........             I - amulet of regeneration
HPRegen  2.35/turn              n - +6 ring of dexterity
MPRegen  0.14/turn              P - +4 ring of evasion

@: strong-willed, regenerating
A: horns 2, retaliatory headbutt
a: Renounce Religion, Berserk, Trog's Hand, Brothers in Arms


You were on level 4 of the Spider Nest.
You worshipped Trog.
Trog was extremely pleased with you.
You visited 4 branches of the dungeon, and saw 27 of its levels.
You also visited: Ossuary and Bailey.

You collected 2592 gold pieces.
You spent 1468 gold pieces at shops.

Inventory:

Hand Weapons
 u - a +8 vorpal quick blade
 M - a +9 spectral demon blade (weapon)
 Y - a +9 demon blade of flaming
Missiles
 f - 15 curare-tipped darts
 t - 19 boomerangs of dispersal
 H - 6 atropa-tipped darts
 O - 22 javelins (quivered)
 U - 6 throwing nets
 W - 5 silver javelins
Armour
 d - a +2 pair of gloves of dexterity (worn)
 F - a +2 hat of see invisible (worn)
 K - a +3 plate armour of cold resistance
 N - a +3 plate armour of poison resistance (worn)
 S - a +1 pair of boots (worn)
 T - the +3 warlock's mirror (worn) {reflect}
   (You found it on level 5 of the Lair of Beasts)
 Z - a +3 plate armour of fire resistance
Jewellery
 k - a ring of resist corrosion
 n - a +6 ring of dexterity (left hand)
 q - a ring of protection from cold
 E - a ring of protection from fire
 I - an amulet of regeneration (around neck)
 P - a +4 ring of evasion (right hand)
Wands
 a - a wand of charming (8)
 b - a wand of mindburst (24)
 e - a wand of acid (23)
 h - a wand of polymorph (22)
 i - a wand of flame (23)
 y - a wand of digging (16)
 L - a wand of paralysis (18)
 Q - a wand of iceblast (15)
Scrolls
 g - 16 scrolls of teleportation
 j - 4 scrolls of enchant armour
 l - 3 scrolls of fog
 m - 3 scrolls of silence
 r - 3 scrolls of holy word
 v - 8 scrolls of magic mapping
 x - 5 scrolls of immolation
 B - 6 scrolls of blinking
 J - 13 scrolls of identify
 R - 4 scrolls of fear
 X - a scroll of summoning
Potions
 c - a potion of berserk rage
 o - 13 potions of curing
 p - 3 potions of might
 s - 3 potions of resistance
 w - 2 potions of cancellation
 z - a potion of invisibility
 A - 3 potions of ambrosia
 C - 4 potions of haste
 D - 6 potions of mutation
 G - 5 potions of heal wounds
 V - 5 potions of flight


   Skills:
 + Level 17.4 Fighting
 - Level 14.0 Long Blades
 + Level 9.2 Throwing
 + Level 19.5 Armour
 + Level 16.0 Dodging
 + Level 10.2 Shields


You had 15 spell levels left.
You didn't know any spells.
Your spell library was empty.

Dungeon Overview and Level Annotations

Branches:
Dungeon (15/15)            Temple (0/1) D:7            Lair (6/6) D:8
 Shoals (0/4) Lair:3       Spider (4/4) Lair:4        Slime (0/5) Lair:6
    Orc (2/2) D:11            Elf (0/3) Orc:2        Vaults (0/5) D:14
 Depths (0/5) D:15        Ossuary (visited)          Bailey (visited)

Altars:
Ashenzari
Gozag
Kikubaaqudgha
Zin

Shops:
D:4 (   D:5 *   D:11 !   D:14 !   Orc:2 *(*[


Innate Abilities, Weirdness & Mutations

You have a pair of horns on your head.
You reflexively headbutt those who attack you in melee.


Message History

A meliai comes into view. It is wielding a +0 hand axe.
You slice the tarantella!!
You kill the tarantella!
Trog accepts your kill.
The meliai calls down the wrath of its god upon you.
Something smites you! The orb of destruction hits you!!!
An orb spider comes into view.
The orb spider weaves a glowing orb of energy.
The orb spider hisses angrily.
An orb of destruction comes into view.
Your skin crawls.
You feel strong-willed.
The meliai is caught in a web!
The orb spider weaves a glowing orb of energy.
The meliai struggles to get unstuck from the web.
An orb of destruction comes into view.
The orb of destruction hits you!
The meliai calls down the wrath of its god upon you.
Something smites you!
The meliai struggles to get unstuck from the web.
The orb spider begins to weave its threads into a brightly glowing ball.
The orb spider pulsates with a strange energy.
A meliai comes into view. It is wielding a +0 hand axe.
The meliai calls down the wrath of its god upon you.
Something smites you!
The meliai struggles to get unstuck from the web.
The orb spider pulsates with a strange energy.
The orb of destruction hits you!!
* * * LOW HITPOINT WARNING * * *
The meliai struggles to get unstuck from the web. x2
You block the meliai's attack. x2
The meliai buzzes angrily.
The orb spider weaves a glowing orb of energy. x2
The meliai invokes the aid of its god against you.
Something smites you!
* * * LOW HITPOINT WARNING * * *
The orb spider weaves a glowing orb of energy.
The meliai invokes the aid of its god against you.
Something smites you!
You die...

............/....
..#........^....#..
#...^.................^
#.....^........#s..^...
#..#....#......*...^...
#.........ss..°○(.sy...
#.........**.....y#...^
#..........†.......^.#.
#....#..#..@ys....$..s.
#.......†..†...........
#................#.....
#...^<(............!^..
##.^^..................
#################....
###


You could see 4 orb spiders, a tarantella and 2 meliai.

Vanquished Creatures
  Jorgrun (D:15)
  Gastronok (D:8)
  An orc warlord (Orc:2)
  2 ghost moths
  An emperor scorpion (Spider:3)
  A fire dragon (Lair:5)
  A great orb of eyes (D:13)
  Harold (Lair:2)
  2 boulder beetles
  A vault guard (D:14)
  An ice dragon (Lair:6)
  Fannar (Orc:1)
  9 hydras
  6 catoblepae
  A death knight (D:13)
  4 centaur warriors
  5 two-headed ogres
  A tengu warrior (D:15)
  A vampire mage (D:15)
  5 orc high priests (Orc:2)
  4 death yaks (Lair:6)
  6 hell knights (D:13)
  2 skeletal warriors (D:15)
  A flayed ghost (D:14)
  A wizard (D:14)
  Pikel (D:5)
  A necromancer (D:15)
  22 wolf spiders
  10 orc knights
  7 orb spiders
  4 cyclopes
  9 ugly things
  An orc sorcerer (D:15)
  3 oklob plants (Lair:1)
  5 manticores
  A deep elf pyromancer (D:15)
  4 elephants
  A moth of wrath (Spider:2)
  4 black mambas
  Joseph (D:8)
  A gargoyle (D:12)
  14 cane toads
  A torpor snail (Lair:6)
  10 rime drakes
  10 demonic crawlers
  10 komodo dragons
  A komodo dragon (shapeshifter) (D:14)
  An efreet (D:13)
  2 trolls (Orc:1)
  2 tengu conjurers (D:15)
  3 meliai (Lair:4)
  36 jumping spiders
  A wind drake (Lair:3)
  3 hornets
  The ghost of bilbop the Magician, an amateur DjCj (D:4)
  5 blink frogs (Lair:4)
  12 dream sheep
  A spriggan zombie (D:15)
  An ettin skeleton (D:15)
  37 redbacks
  100 yaks
  An ice dragon zombie (D:15)
  A shadow (D:13)
  12 tarantellas
  10 basilisks
  5 wyverns
  8 steam dragons
  4 vampire mosquitoes (D:13)
  4 wargs
  A tengu zombie (D:15)
  Menkaure (D:5)
  An acid dragon (D:13)
  7 hell hounds (D:13)
  16 water moccasins
  45 orc warriors
  8 ogres
  2 black bears
  A necrophage (D:6)
  9 wolves (Lair:4)
  16 centaurs
  4 lemures
  2 phantoms
  10 bullfrogs
  2 gnoll sergeants
  2 scorpions
  3 wyvern zombies
  A water moccasin zombie (Ossuary)
  37 killer bees
  3 wights (D:9)
  7 howler monkeys
  6 electric eels
  7 centaur zombies
  7 bullfrog zombies
  A jelly (D:7)
  32 orc priests
  A bullfrog skeleton (D:5)
  2 centaur skeletons
  2 iguanas (D:5)
  18 orc wizards
  9 hell rats
  3 killer bee zombies
  15 mummies
  A howler monkey zombie (D:7)
  2 howler monkey skeletons (D:7)
  6 adders
  23 gnolls
  12 river rats
  3 white imps
  A worm (D:2)
  87 orcs
  5 endoplasms
  A giant cockroach (D:4)
  7 goblins
  4 hobgoblins
  6 jackals
  7 kobolds
  2 quokkas
  3 ball pythons
  5 bats
  A frilled lizard (D:1)
  6 rats
894 creatures vanquished.

Vanquished Creatures (collateral kills)
  Arachne (Spider:3)
  5 hydras
  An orb spider (Spider:2)
  2 oklob plants (Lair:6)
  2 jumping spiders (Spider:2)
  A redback (Spider:2)
  A wyvern (Lair:3)
13 creatures vanquished.

Vanquished Creatures (others)
  A rime drake (Lair:5)
  A steam dragon (Lair:5)
  A white imp (Lair:6)
  An orc (Bailey)
  24 fungi
  29 plants
  10 withered plants
67 creatures vanquished.

Grand Total: 974 creatures vanquished

Notes
Turn   | Place    | Note
-------+----------+-------------------------------------------
     0 | D:1      | siradein the Minotaur Berserker began the quest for the
                  | Orb.
     0 | D:1      | Reached XP level 1. HP: 19/19 MP: 0/0
   352 | D:1      | Reached XP level 2. HP: 24/27 MP: 1/1
  1244 | D:2      | Reached ** piety under Trog
  1245 | D:2      | Reached skill level 3 in Armour
  1245 | D:2      | Reached XP level 3. HP: 33/33 MP: 2/2
  1428 | D:2      | Reached XP level 4. HP: 40/40 MP: 3/3
  2724 | D:3      | Found a faded altar of an unknown god.
  2830 | D:3      | Reached XP level 5. HP: 35/47 MP: 4/4
  3471 | D:4      | Noticed an ogre
  3648 | D:2      | Killed an ogre
  3649 | D:2      | Reached skill level 5 in Fighting
  3649 | D:2      | Reached skill level 5 in Long Blades
  3649 | D:2      | Reached skill level 4 in Armour
  3742 | D:4      | Found Deogor's Weapon Shop.
  3757 | D:4      | Reached XP level 6. HP: 43/56 MP: 5/5
  3843 | D:4      | Found an ancient bone altar of Kikubaaqudgha.
  4040 | D:4      | Found a runed translucent door.
  4043 | D:4      | Noticed bilbop's ghost (amateur DjCj)
  4549 | D:5      | Entered Level 5 of the Dungeon
  4551 | D:5      | Noticed Menkaure
  4792 | D:4      | Reached XP level 7. HP: 62/62 MP: 6/6
  4928 | D:5      | Killed Menkaure
  4929 | D:5      | Reached skill level 5 in Armour
  5125 | D:5      | Found Uthuuhes's General Store.
  5146 | D:5      | Reached skill level 5 in Dodging
  5399 | D:5      | Noticed Pikel
  6117 | D:5      | Killed Pikel
  6118 | D:5      | Reached skill level 6 in Armour
  6118 | D:5      | Reached XP level 8. HP: 73/73 MP: 7/7
  6405 | D:6      | Identified a scroll of acquirement
  6405 | D:6      | Acquired a +2 vorpal scimitar
  6717 | D:6      | Found a sand-covered staircase.
  6725 | Ossuary  | Entered an ossuary
  6764 | Ossuary  | Reached *** piety under Trog
  6772 | Ossuary  | Reached skill level 7 in Armour
  7020 | Ossuary  | Reached XP level 9. HP: 54/81 MP: 8/8
  8000 | D:7      | Found a staircase to the Ecumenical Temple.
  8188 | D:7      | Reached **** piety under Trog
  8326 | D:7      | Reached skill level 8 in Armour
  9071 | D:8      | Noticed Gastronok
  9093 | D:8      | Killed Gastronok
  9094 | D:8      | Reached skill level 9 in Armour
  9094 | D:8      | Reached XP level 10. HP: 93/93 MP: 9/9
  9210 | D:8      | Noticed a two-headed ogre
  9214 | D:8      | Killed a two-headed ogre
  9215 | D:8      | Reached skill level 10 in Fighting
  9215 | D:8      | Reached skill level 10 in Long Blades
  9563 | D:8      | Noticed Joseph
  9572 | D:8      | Killed Joseph
  9692 | D:8      | Reached skill level 10 in Armour
  9859 | D:8      | Found a staircase to the Lair.
  9896 | D:8      | Found a glowing silver altar of Zin.
  9897 | D:8      | Found an opulent altar of Gozag.
 10146 | D:9      | Found a broken altar of Ashenzari.
 10438 | D:4      | Killed bilbop's ghost
 11093 | D:9      | Noticed a two-headed ogre
 11113 | D:9      | Killed a two-headed ogre
 11114 | D:9      | Reached XP level 11. HP: 74/101 MP: 10/10
 11429 | D:10     | Entered Level 10 of the Dungeon
 11687 | D:10     | Reached skill level 10 in Dodging
 12445 | D:4      | Bought a +6 demon blade of venom for 500 gold pieces
 12602 | D:11     | Noticed a white ugly thing
 12609 | D:11     | Reached skill level 11 in Armour
 12618 | D:11     | Found Dekuix's Distillery.
 12623 | D:11     | Killed a white ugly thing
 12694 | D:11     | Noticed a two-headed ogre
 12703 | D:11     | Killed a two-headed ogre
 12707 | D:11     | Identified the +4 falchion of the Head {vorpal, rElec rC-
                  | Str+8 SInv}
 12728 | D:11     | Found a flagged portal.
 12737 | Bailey   | Entered a bailey
 13456 | D:11     | Found a staircase to the Orcish Mines.
 13461 | D:11     | Noticed a two-headed ogre
 13466 | D:11     | Killed a two-headed ogre
 13591 | D:11     | Noticed a brown ugly thing
 13601 | D:11     | Killed a brown ugly thing
 14169 | Lair:1   | Entered Level 1 of the Lair of Beasts
 14169 | Lair:1   | Noticed a five-headed hydra
 14170 | Lair:1   | Upgraded the game from 0.27-a0-1065-ge809cff456 to
                  | 0.27-a0-1081-ge8a0a9c698
 14507 | Lair:1   | Reached skill level 12 in Armour
 14525 | Lair:1   | Reached XP level 12. HP: 112/112 MP: 11/11
 14810 | Lair:1   | Noticed a four-headed hydra
 14872 | Lair:1   | Killed a four-headed hydra
 15751 | D:8      | Killed a five-headed hydra
 15791 | Lair:2   | Reached skill level 13 in Armour
 16031 | Lair:2   | Noticed an eight-headed hydra
 16040 | Lair:2   | Killed an eight-headed hydra
 16191 | Lair:2   | Noticed an eight-headed hydra
 16207 | Lair:2   | Killed an eight-headed hydra
 16214 | Lair:2   | Noticed Harold
 16221 | Lair:2   | Killed Harold
 16222 | Lair:2   | Reached skill level 14 in Armour
 16835 | Lair:3   | Noticed a six-headed hydra
 16842 | Lair:3   | Killed a seven-headed hydra
 16855 | Lair:3   | Reached XP level 13. HP: 122/122 MP: 12/12
 17320 | Lair:3   | Found a staircase to the Shoals.
 17725 | Lair:3   | Reached skill level 15 in Armour
 18718 | Lair:4   | Found a hole to the Spider Nest.
 19002 | Lair:3   | Reached skill level 16 in Armour
 19333 | Lair:4   | Identified the +5 war axe of Valour {freeze, *Noise Fragile
                  | rF+ Will+++}
 19603 | Lair:4   | Reached skill level 1 in Throwing
 19615 | Lair:4   | Reached XP level 14. HP: 133/133 MP: 13/13
 20109 | Lair:5   | Reached skill level 17 in Armour
 20111 | Lair:5   | Reached ***** piety under Trog
 20182 | Lair:5   | Reached skill level 15 in Fighting
 20483 | Lair:5   | Found the +3 warlock's mirror {reflect}
 20848 | Lair:6   | Entered Level 6 of the Lair of Beasts
 20869 | Lair:6   | Reached skill level 1 in Shields
 21833 | Lair:6   | Received a gift from Trog
 22078 | Lair:6   | Reached skill level 18 in Armour
 22183 | Lair:6   | Reached skill level 5 in Throwing
 22375 | Lair:6   | Found a staircase to the Slime Pits.
 23014 | Orc:1    | Entered Level 1 of the Orcish Mines
 23014 | Orc:1    | Noticed Fannar
 23127 | Orc:1    | Killed Fannar
 23216 | Orc:1    | Reached skill level 5 in Shields
 23494 | Orc:2    | Entered Level 2 of the Orcish Mines
 23558 | Orc:2    | HP: 3/136 [orc priest/divine providence (8)]
 23659 | Orc:2    | Received a gift from Trog
 23670 | Orc:1    | Reached XP level 15. HP: 106/143 MP: 14/14
 24455 | Orc:2    | Found Suvvey's Antique Armour Boutique.
 24455 | Orc:2    | Found Boemecug's Assorted Antiques.
 24456 | Orc:2    | Found Qarphesi's Antique Weapon Shop.
 24456 | Orc:2    | Found Ihyuc's Assorted Antiques.
 24477 | Orc:2    | Bought a pair of embroidered gloves for 240 gold pieces
 24500 | Orc:2    | Bought a glowing plate armour for 728 gold pieces
 24598 | Orc:2    | Found a staircase to the Elven Halls.
 24709 | Orc:2    | Noticed an orc warlord
 24737 | Orc:2    | Killed an orc warlord
 25038 | D:12     | Identified the +5 lajatang of the Scorpion {antimagic,
                  | +Blink}
 25179 | D:12     | You fall into a shaft and drop 2 floors!
 25281 | D:13     | Received a gift from Trog
 26677 | D:13     | Reached skill level 15 in Dodging
 27168 | D:14     | Found Alomoec's Distillery.
 27326 | D:14     | Found a gate to the Vaults.
 27548 | D:15     | Entered Level 15 of the Dungeon
 27750 | D:15     | Noticed Jorgrun
 27762 | D:15     | Killed Jorgrun
 27762 | D:15     | Received a gift from Trog
 27844 | D:15     | Found a staircase to the Depths.
 28034 | D:15     | Reached XP level 16. HP: 152/152 MP: 15/15
 29031 | Spider:1 | Entered Level 1 of the Spider Nest
 29134 | Spider:1 | Reached skill level 19 in Armour
 29717 | Spider:2 | Received a gift from Trog
 29927 | Spider:2 | Upgraded the game from 0.27-a0-1081-ge8a0a9c698 to
                  | 0.27-a0-1084-g78b3836a5f
 31008 | Spider:3 | Noticed Arachne
 31019 | Spider:3 | Killed Arachne
 31020 | Spider:3 | Reached skill level 10 in Shields
 31287 | Spider:4 | Entered Level 4 of the Spider Nest
 31326 | Spider:4 | HP: 6/155 [meliai/divine providence (14)]
 31326 | Spider:4 | Killed from afar by a meliai

Illustrated notes

Levels and vault maps discovered:
D:1:      dpeg_arrival_connections, layout_loops_cross,
          hangedman_abyss_or_decor_stabs
D:2:      layout_basic
D:3:      layout_basic, ebering_ecumenical_altar_webs, corexii_shack
D:4:      layout_loops_ring, kiku_gazebo_garden_becter, serial_shops,
          nicolae_shop_waterfront, ebering_ghost_reflecting_pool
D:5:      layout_basic, serial_shops, shop, uniq_menkaure, uniq_pikel
D:6:      layout_loops_corners, gup_ossuary_entry_pyramid, minmay_door_square
D:7:      layout_cave_pods, minmay_temple_entry_junction_2
D:8:      layout_loops_ring, grunt_temple_overflow_gold_and_silver,
          erik_lair_orcish_takeover, grunt_decor_fettered, minivault_22,
          minmay_diced_spiral, uniq_gastronok, uniq_joseph
D:9:      layout_basic, nicolae_ashenzari_skybound, kennysheep_small_spiral
D:10:     layout_loops_cross, minmay_misc_feat_chi
D:11:     layout_layer_cave, orc_0_dummy, enter_bailey_2, serial_shops,
          kennysheep_mini_moat
D:12:     layout_rooms
D:13:     layout_cave_pools, minmay_rotating_lava
D:14:     layout_basic, david_vaults_5, chequers_serial_rivers_micro_b,
          serial_shops, shop
D:15:     gammafunk_depths_entry_grave, layout_basic, uniq_jorgrun
Lair:1:   layout_long_grid, serial_bayou_pond_d, kennysheep_rathole,
          minmay_lair_oklob_chamber
Lair:2:   layout_cave_pods, lemuel_fruit_tree, uniq_harold
Lair:3:   layout_chaotic_city, minmay_shoals_entry_beasts,
          minmay_stone_trees_medium
Lair:4:   regret_index_tunnel_blossom, layout_regular_city,
          nicolae_spider_entry_tight_spaces, nicolae_quartered_pool_little,
          infiniplex_staircase_pool_2
Lair:5:   layout_regular_city, bobbens_dragon_lair_wall
Lair:6:   evilmike_catoblepas_cave, layout_regular_city,
          minmay_slime_entry_oklob_enclosed, bobbens_ice_dragon_lair
Spider:1: layout_spider_delve, drop_trap
Spider:2: layout_spider_delve
Spider:3: layout_spider_delve, uniq_arachne
Spider:4: spider_rune_water
Orc:1:    layout_caves, uniq_fannar
Orc:2:    st_orc_pillars, layout_caves, nicolae_orc_stony_grotto

Skill      XL: |  1  2  3  4  5  6  7  8  9 10 11 12 13 14 15 16 |
---------------+-------------------------------------------------+-----
Fighting       | 4 5 7 9 10 12 13 14 15 16 17 | 17.4
Long Blades    | 4 5 7 9 10 12 13 14 | 14.0
Armour         | 3 4 6 7 9 10 12 14 16 18 19 | 19.5
Dodging        | 3 4 5 6 8 9 11 12 13 14 15 16 | 16.0
Throwing       | 1 5 7 9 |  9.2
Shields        | 5 8 10 | 10.2

Action                   |  1- 3 |  4- 6 |  7- 9 | 10-12 | 13-15 | 16-18 || total
-------------------------+-------+-------+-------+-------+-------+-------++-------
Melee: Falchion          |    61 |    97 |    83 |       |       |       ||   241
       Headbutt          |    12 |    27 |    75 |   142 |   359 |   114 ||   729
       Scimitar          |       |       |   160 |   156 |       |       ||   316
       Demon blade       |       |       |       |   288 |   811 |   263 ||  1362
       Flail             |       |       |       |       |    66 |       ||    66
       Quick blade       |       |       |       |       |     7 |    36 ||    43
Throw: Dart              |       |       |       |       |    11 |       ||    11
Invok: Trog's Hand       |     1 |     2 |     4 |    10 |    15 |     5 ||    37
       Berserk           |       |     2 |     3 |     6 |     4 |       ||    15
       Brothers in Arms  |       |       |       |     7 |     3 |     2 ||    12
Evoke: Wand              |       |       |       |       |     1 |       ||     1
  Use: Scroll            |       |     6 |    10 |    10 |    10 |    11 ||    47
       Potion            |       |       |       |       |     3 |       ||     3
 Stab: Distracted        |       |       |       |       |    12 |     5 ||    17
       Petrifying        |       |       |       |       |     1 |       ||     1
Armor: Ring mail         |    29 |    38 |    18 |       |       |       ||    85
       Chain mail        |       |       |    60 |   176 |   287 |       ||   523
       Plate armour      |       |       |       |       |    46 |    90 ||   136
Dodge: Dodged            |    33 |    70 |   150 |   371 |   657 |   155 ||  1436
Block: Buckler           |       |       |       |       |   174 |   144 ||   318
       Reflection        |       |       |       |       |    33 |     6 ||    39
       Rpst.: Falchion   |     8 |    17 |    15 |       |       |       ||    40
       Scimitar          |       |       |    23 |    13 |       |       ||    36
       Demon blade       |       |       |       |    57 |   115 |    28 ||   200

Table legend: (Time is in decaauts)
 A = Elapsed time spent in this place.
 B = Non-inter-level travel time spent in this place.
 C = Inter-level travel time spent in this place.
 D = Time resting spent in this place.
 E = Time spent auto-exploring this place.
 F = Levels seen in this place.
 G = Mean time per level.
                   A        B        C        D        E       F      G
               +--------+--------+--------+--------+--------+-----+--------+
         Total |  31105 |  27956 |   3149 |   2653 |  18445 |  29 | 1072.6 |
       Dungeon |  17583 |  15246 |   2337 |   1107 |  10750 |  15 | 1172.2 |
          Lair |   8558 |   7964 |    594 |   1039 |   4908 |   6 | 1426.3 |
   Spider Nest |   1822 |   1666 |    156 |      6 |   1194 |   4 |  455.5 |
  Orcish Mines |   1843 |   1782 |     61 |    458 |    805 |   2 |  921.5 |
       Ossuary |    682 |    682 |      0 |      0 |    449 |   1 |  682.0 |
        Bailey |    615 |    615 |      0 |     41 |    336 |   1 |  615.0 |
               +--------+--------+--------+--------+--------+-----+--------+

Top non-repeatable levels by time:
     D:8: 1869 daAuts
  Lair:6: 1788 daAuts
  Lair:4: 1786 daAuts
     D:2: 1750 daAuts
  Lair:1: 1559 daAuts
     D:4: 1511 daAuts
     D:5: 1440 daAuts
     D:9: 1322 daAuts
  Lair:5: 1245 daAuts
     D:6: 1244 daAuts
    D:15: 1203 daAuts
    D:11: 1183 daAuts
  Lair:2: 1121 daAuts
     D:1: 1111 daAuts
    D:10: 1082 daAuts
